 Dungeon Crawl Stone Soup version 0.32-a0-913-g739538afd8 (webtiles) character file.

Game seed: 8431249272939931553

2405 kae the Mimic (level 9, -8/78 HPs)
             Began as a White Draconian Shapeshifter on Apr 9, 2024.
             Was a Believer of Ru.
             Mangled by an orc knight
             ... wielding a +0 broad axe
              (13 damage)
             ... in a bailey.
             The game lasted 00:05:42 (6383 turns).

kae the Mimic (White Draconian Shapeshifter)        Turns: 6383, Time: 00:05:43

Health: -8/78      AC:  7    Str: 18    XL:     9   Next: 23%
Magic:  9/9        EV: 11    Int: 10    God:    Ru [**....]
Gold:   403        SH:  0    Dex: 14    Spells: 8/8 levels left

rFire   . .          .
                       - Unarmed
rCold   + . .        (no shield)
rNeg    . . .        (body armour unavailable)
rPois   .            (helmet currently unavailable)
rElec   .            (cloak currently unavailable)
rCorr   .            (gloves currently unavailable)
SInv    .            (boots currently unavailable)
Will    .....        (no amulet)
Stlth   +            (no ring)
HPRegen 0.33/turn    (no ring)
MPRegen 0.11/turn

%: no passive effects
@: lethally poisoned (-8 -> -10), beast-form, slowed, invisible, very slow
A: beast (slay +4), glacial breath, AC +7, unfitting armour, cold resistance 1,
cold-blooded, inability to use devices
a: Glacial Breath, Begin Untransformation, Renounce Religion


You were in a bailey.
You worshipped Ru.
Ru was pleased with you.
You were a hulking beast.
You visited 2 branches of the dungeon, and saw 8 of its levels.
You also visited: Bailey.

You collected 403 gold pieces.


Innate Abilities, Weirdness & Mutations

You are a hulking beast.
Your limbs bulge with bestial killing power. (Slay +4)
You can breathe waves of cold which freeze foes solid.
Your icy white scales are hard. (AC +7)
You cannot fit into any form of body armour.
Your flesh is cold resistant. (rC+)
You are cold-blooded and may be slowed by cold attacks.
You cannot study or use magical devices.


   Skills:
 + Level 6.7 Fighting
 - Level 1.7 Dodging
 + Level 6.9 Unarmed Combat
 * Level 8.7 Shapeshifting


You had 8 spell levels left.
You didn't know any spells.
Your spell library contained the following spells:

 Spells                   Type           Power      Damage    Failure   Level
 Summon Small Mammal      Summ           0%         N/A       36%         1
 Call Canine Familiar     Summ           0%         N/A       75%         3
 Maxwell's Portable Pile  Tloc           0%         2d(5-13)  75%         3
 Volatile Blastmotes      Fire/Tloc      0%         2d10      75%         3
 Fulminant Prism          Conj/Alch      0%         3d5       98%         4
 Iskenderun's Mystic Bla Conj/Tloc 0%             2d3        (+2d1     98%         4
 Summon Blazeheart Golem  Fire/Summ      0%         N/A       98%         4
 Arcjolt                  Conj/Air       0%         1d10      100%        5
 Maxwell's Capacitive Co  Air            0%         โˆž       100%        8

Inventory:

Missiles
 d - 59 stones
 h - 16 poisoned darts
 t - 4 atropa-tipped darts
 w - 20 boomerangs
 x - 2 curare-tipped darts {=f}
Armour
 e - a +1 pair of boots of rampaging
   (You found it on level 1 of the Dungeon)
 o - a +0 hat
   (You found it on level 5 of the Dungeon)
Jewellery
 C - a ring of ice
   (You found it on level 7 of the Dungeon)
 G - an amulet of guardian spirit
   (You found it on level 5 of the Dungeon)
Talismans
 b - a beast talisman (active)
 c - a flux talisman
 g - a serpent talisman
   (You found it on level 1 of the Dungeon)
Wands
 j - a wand of digging (5)
   (You found it on level 3 of the Dungeon)
 u - a wand of mindburst (14)
   (You took it off Pikel on level 6 of the Dungeon)
 y - a wand of paralysis (11)
   (You found it on level 7 of the Dungeon)
Scrolls
 i - 2 scrolls of identify {@r1}
 k - a scroll of vulnerability {!r!r}
 l - a scroll of silence {!r}
 n - 6 scrolls of teleportation {@r4}
 p - a scroll of enchant weapon
 v - a scroll of immolation {!r!r}
Potions
 a - a potion of lignification {!q}
 f - a potion of curing {@q1}
 m - a potion of invisibility
 q - a potion of resistance
 r - 2 potions of mutation {!q}

Dungeon Overview and Level Annotations

Branches:
Dungeon (7/15) Zot: 26783  Temple (1/1) D:5 Zot: 5955  Bailey (1/1) Zot: 5421

Altars:
Cheibriados
Elyvilon
Gozag
Hepliaklqana
Kikubaaqudgha
Makhleb
Nemelex Xobeh
Okawaru
Qazlal
Ru
Sif Muna
Trog
Uskayaw
Vehumet
Wu Jian
Xom
The Shining One

Annotations:
D:3 1 runed translucent door, Crazy Yiuf
D:4 2 transporters, MirrMurr's ghost, amateur GnWr

####'''####
##~.......~#
#####~~.......~~#
#....~~.......~~.
#)###~~.......~~#
#...)~~.......~~.
#.###~~.......~~#
#....~ooK.....~~.
#.###~~h).....~~##
#....~~.......~~..
#.###~~.......~~##
#....~~.......~~..
#####~~.......~~#
##~.......~#
####รท..#### #...#
#...#


You could see an orc knight (unable to see you), an orc warrior (unable to see
you) and a kobold brigand (unable to see you).


Message History

Your gnoll completely misses the orc knight.
Your gnoll closely misses the orc knight. ๐Ÿ˜• HP[-1]
You take 1 damage, and now have 72/78 hp.
Unknown command.
You hit the kobold brigand.
You feel sick.
The orc knight hits your gnoll with a +0 broad axe!
Your gnoll dies!
Your gnoll's corpse dissolves into shadows!
The orc knight hits your gnoll with a +0 broad axe!
The orc knight hits your gnoll with a +0 broad axe.
The kobold brigand hits you with a +0 war axe!
The kobold brigand throws a curare-tipped dart.
The curare-tipped dart closely misses you.
Your gnoll hits the orc knight but does no damage. ๐Ÿ˜• HP[-10]
You take 10 damage, and now have 62/78 hp.
Unknown command.
You punch the kobold brigand!
You feel sick.
Your gnoll dissolves into shadows!
The kobold brigand closely misses you.
The kobold brigand throws a curare-tipped dart.
The curare-tipped dart hits you.
You are more poisoned.
You have difficulty breathing.
You feel yourself slow down.
An orc warrior comes into view.
It is wielding a +0 battleaxe. ๐Ÿ˜ฎ HP[-5]
You take 5 damage, and now have 57/78 hp.
You punch the kobold brigand!
You kill the kobold brigand!
You feel very sick.
Your gnoll dissolves into shadows!
The kobold brigand throws a curare-tipped dart.
The curare-tipped dart barely misses you.
The orc knight hits you but does no damage.
The orc knight hits your gnoll with a +0 broad axe!
Your gnoll dies!
Your gnoll's corpse dissolves into shadows!
You feel power welling in your lungs. ๐Ÿ˜ฎ HP[-6]
You take 6 damage, and now have 51/78 hp.
You catch the helpless orc knight completely off-guard!
You hit the orc knight.
You feel very sick.
Your gnoll dissolves into shadows!
The kobold brigand throws a curare-tipped dart.
The curare-tipped dart closely misses your gnoll.
The orc knight hits you with a +0 broad axe!
* * * LOW HITPOINT WARNING * * *
The orc knight hits your gnoll with a +0 broad axe!
Your gnoll dies!
Your gnoll's corpse dissolves into shadows!
Unknown command. ๐Ÿ˜จ HP[-12]
You take 12 damage, and now have 39/78 hp.
You closely miss the orc knight.
You feel very sick.
The kobold brigand throws a curare-tipped dart.
The orc knight begins to attack, but is stunned by your conviction! ๐Ÿ˜จ HP[-4]
You take 4 damage, and now have 35/78 hp.
Unknown command.
You barely miss the orc knight.
You tail-slap the orc knight, but do no damage.
You feel sick. The orc knight closely misses you.
The orc knight completely misses your gnoll.
Your gnoll splashes around in the water.
The orc knight barely misses you.
The orc knight hits your gnoll with a +0 broad axe!
Your gnoll dies!
Your gnoll's corpse dissolves into shadows! ๐Ÿ˜จ HP[-1]
You take 1 damage, and now have 34/78 hp.
Unknown command.
You hit the orc knight but do no damage.
You feel sick.
The orc knight barely misses you. ๐Ÿ˜จ HP[-2]
You take 2 damage, and now have 32/78 hp.
Unknown command.
You hit the orc knight but do no damage.
Your tail-slap misses the orc knight.
You feel sick.
The orc warrior hits you but does no damage.
The orc knight hits you but does no damage.
The orc warrior hits you with a +0 battleaxe!
* * * LOW HITPOINT WARNING * * *
๐Ÿ˜จ HP[-11]
You take 11 damage, and now have 21/78 hp.
Unknown command.
You strike the helpless orc knight from behind!
You punch the orc knight!
You feel sick.
The orc knight hits you with a +0 broad axe!
* * * LOW HITPOINT WARNING * * *
The orc warrior hits you with a +0 battleaxe.
* * * LOW HITPOINT WARNING * * *
The kobold brigand hits you with a +0 war axe.
* * * LOW HITPOINT WARNING * * *
The orc knight hits you with a +0 broad axe!
You die...
Ru respects your ultimate sacrifice.

Skill      XL: |  1  2  3  4  5  6  7  8 |
---------------+-------------------------+-----
Fighting       | 2 3 4 5 6 |  6.7
Shapeshifting  | 4 5 6 8 |  8.7
Unarmed Combat | 4 5 6 |  6.9
Dodging        | |  1.7

Action                     |  1- 3 |  4- 6 |  7- 9 || total
---------------------------+-------+-------+-------++-------
  Melee: Unarmed           |   103 |    72 |   213 ||   388
         Tailslap          |    11 |    11 |    28 ||    50
         Punch             |       |     1 |    10 ||    11
 Invoke: Sacrifice Artific |       |       |     1 ||     1
Ability: Glacial Breath    |       |       |     3 ||     3
    Use: Potion            |     1 |     2 |     4 ||     7
         Scroll            |     6 |     3 |     7 ||    16
   Stab: Sleeping          |     3 |     2 |       ||     5
         Distracted        |       |     1 |       ||     1
         Invisible         |       |       |     2 ||     2
 Armour: Skin              |    69 |    36 |   147 ||   252
  Dodge: Dodged            |    59 |    26 |   137 ||   222

Levels and vault maps discovered:
D:1:      dpeg_arrival_round_c, layout_basic
D:2:      layout_basic, minmay_rat_gold_closets
D:3:      layout_loops_ring, mainiacjoe_overflow_catwalk,
          ebering_ecumenical_altar_sacrificial, uniq_crazy_yiuf_cottage
D:4:      layout_basic, gammafunk_ghost_smash
D:5:      layout_loops_ring, gammafunk_temple_overflow_elements,
          minmay_temple_entry_wispy, uniq_menkaure
D:6:      layout_basic, uniq_maggie, uniq_pikel
D:7:      layout_basic, enter_bailey_5, chequers_avenue, minmay_between
Temple:   zaba_magenta_temple
Bailey:   bailey_axe_3, bailey

Notes
Turn   | Place    | Note
-------+----------+-------------------------------------------
     0 | D:1      | kae the Draconian Shapeshifter began the quest for the Orb.
     0 | D:1      | Reached XP level 1. HP: 16/16 MP: 1/1
     0 | D:1      | magus.rc [v1.11.3]
   108 | D:1      | Reached XP level 2. HP: 10/23 MP: 2/2
   226 | D:1      | HP: 8/34 [poisoned by a kobold]
   231 | D:1      | HP: 4/34 [poisoned by a kobold]
   610 | D:1      | You pick up a book of Blasting and begin reading...
   610 | D:1      | You add the spells Volatile Blastmotes, Fulminant Prism and
                  | Iskenderun's Mystic Blast to your library.
   687 | D:1      | Reached XP level 3. HP: 29/29 MP: 3/3
  1527 | D:2      | Reached skill level 2 in Fighting
  1988 | D:3      | Reached XP level 4. HP: 35/36 MP: 4/4
  2068 | D:3      | Found a faded altar of an unknown god.
  2191 | D:3      | Found a runed translucent door.
  2192 | D:3      | Noticed Crazy Yiuf
  2229 | D:3      | Reached skill level 4 in Shapeshifting
  2241 | D:3      | Found a shimmering blue altar of Sif Muna.
  2973 | D:4      | HP: 9/37 [orc wizard/+1 dagger of venom (1)]
  2976 | D:4      | Reached XP level 5. HP: 17/42 MP: 5/5
  3313 | D:4      | Identified the +4 dire flail "Cywazea" {antimagic, rPois}
  3313 | D:4      | Noticed an ogre
  3315 | D:4      | Found a transporter.
  3316 | D:4      | Found a transporter.
  3316 | D:4      | Noticed an ogre
  3316 | D:4      | Noticed MirrMurr's ghost (amateur GnWr)
  3556 | D:5      | Entered Level 5 of the Dungeon
  3565 | D:5      | Noticed an ice beast
  3578 | D:5      | Killed an ice beast
  3579 | D:5      | Reached skill level 3 in Fighting
  3579 | D:5      | Reached skill level 4 in Unarmed Combat
  3697 | D:5      | You add the spells Maxwell's Portable Piledriver, Arcjolt
                  | and Maxwell's Capacitive Coupling to your library.
  3713 | D:5      | Reached XP level 6. HP: 51/51 MP: 6/6
  3724 | D:5      | Reached skill level 5 in Shapeshifting
  3752 | D:5      | Found a staircase to the Ecumenical Temple.
  3776 | Temple   | Entered the Ecumenical Temple
  3805 | Temple   | Became a worshipper of Ru the Awakened
  4037 | D:5      | Found a burning altar of Makhleb.
  4037 | D:5      | Found a bloodstained altar of Trog.
  4154 | D:5      | Noticed Menkaure
  4169 | D:5      | Killed Menkaure
  4361 | D:5      | Reached skill level 4 in Fighting
  4361 | D:5      | Your scales start taking on an icy white colour.
  4361 | D:5      | Reached XP level 7. HP: 58/59 MP: 7/7
  4361 | D:5      | Gained mutation: Your flesh is cold resistant. (rC+) [White
                  | Draconian growth]
  4464 | D:6      | Reached skill level 5 in Unarmed Combat
  4464 | D:6      | Reached skill level 6 in Shapeshifting
  4642 | D:6      | Noticed Maggie
  4667 | D:6      | Killed Maggie
  4668 | D:6      | Reached skill level 5 in Fighting
  4668 | D:6      | Reached XP level 8. HP: 56/68 MP: 8/8
  5117 | D:6      | Noticed Pikel
  5125 | D:6      | Killed Pikel
  5126 | D:6      | Reached skill level 6 in Unarmed Combat
  5126 | D:6      | Reached skill level 7 in Shapeshifting
  5311 | D:6      | Reached skill level 6 in Fighting
  5342 | D:6      | Gained mutation: You cannot study or use magical devices.
                  | [Ru sacrifice]
  5342 | D:6      | Reached * piety under Ru
  5342 | D:6      | Reached ** piety under Ru
  5611 | D:7      | Reached skill level 8 in Shapeshifting
  5765 | D:7      | You pick up a book of Callings and begin reading...
  5765 | D:7      | You add the spells Summon Small Mammal, Call Canine
                  | Familiar and Summon Blazeheart Golem to your library.
  5787 | D:7      | Found a flagged portal.
  5810 | Bailey   | Entered a bailey
  5917 | Bailey   | Reached XP level 9. HP: 29/77 MP: 9/9
  6118 | Bailey   | HP: 12/78 [orc warrior/+0 war axe (8)]
  6360 | Bailey   | Noticed an orc knight
  6383 | Bailey   | HP: 14/78 [orc knight/+0 broad axe (7)]
  6383 | Bailey   | HP: 5/78 [kobold brigand/+0 war axe (5)]
  6383 | Bailey   | Mangled by an orc knight

Vanquished Creatures
  Pikel (D:6)
  Maggie (D:6)
  Menkaure (D:5)
  A water moccasin (D:7)
  A black bear (D:6)
  3 orc warriors (Bailey)
  3 lemures (D:5)
  5 kobold brigands (Bailey)
  A bullfrog (D:6)
  2 scorpions
  A howler monkey (D:5)
  A bombardier beetle (D:6)
  2 jellies
  4 hounds
  An orc priest (D:6)
  An orc wizard (D:4)
  7 adders
  2 dart slugs
  2 ribbon worms
  11 orcs
  9 endoplasms
  5 giant cockroaches
  2 hobgoblins
  18 kobolds
  A quokka (D:2)
  5 ball pythons
  5 bats
  3 frilled lizards
  9 goblins
  12 rats
120 creatures vanquished.

Vanquished Creatures (collateral kills)
  An ice beast (D:5)
1 creature vanquished.

Grand Total: 121 creatures vanquished

Table legend:
 A = Non-vault XP
 B = Vault XP
 C = Vault XP percentage of total XP
 D = Non-vault monster count
 E = Vault monster count
 F = Vault count percentage of total count
                 A         B        C        D         E       F
            +---------+---------+-------+---------+---------+-------
      Total |    1326 |    2110 |  61.4 |      87 |      31 |  26.3
            +---------+---------+-------+---------+---------+-------
        D:1 |      47 |       0 |   0.0 |      28 |       0 |   0.0
        D:2 |      19 |       6 |  24.0 |      10 |       6 |  37.5
        D:3 |      38 |       0 |   0.0 |      10 |       0 |   0.0
        D:4 |     104 |       0 |   0.0 |      12 |       0 |   0.0
        D:5 |     415 |     172 |  29.3 |      11 |       1 |   8.3
        D:6 |     552 |    1044 |  65.4 |      15 |       2 |  11.8
        D:7 |     151 |       6 |   3.8 |       1 |       4 |  80.0
     Bailey |       0 |     882 | 100.0 |       0 |      18 | 100.0
            +---------+---------+-------+---------+---------+-------

Skill      XL: |  1  2  3  4  5  6  7  8 |
---------------+-------------------------+-----
Fighting       | 2 3 4 5 6 |  6.7
Shapeshifting  | 4 5 6 8 |  8.7
Unarmed Combat | 4 5 6 |  6.9
Dodging        | |  1.7

Action                     |  1- 3 |  4- 6 |  7- 9 || total
---------------------------+-------+-------+-------++-------
  Melee: Unarmed           |   103 |    72 |   213 ||   388
         Tailslap          |    11 |    11 |    28 ||    50
         Punch             |       |     1 |    10 ||    11
 Invoke: Sacrifice Artific |       |       |     1 ||     1
Ability: Glacial Breath    |       |       |     3 ||     3
    Use: Potion            |     1 |     2 |     4 ||     7
         Scroll            |     6 |     3 |     7 ||    16
   Stab: Sleeping          |     3 |     2 |       ||     5
         Distracted        |       |     1 |       ||     1
         Invisible         |       |       |     2 ||     2
 Armour: Skin              |    69 |    36 |   147 ||   252
  Dodge: Dodged            |    59 |    26 |   137 ||   222

Illustrated notes

Table legend:
 A = Kills in this place as a percentage of kills in the entire game.
 B = Kills by you in this place as a percentage of kills by you in the entire game.
 C = Kills by friends in this place as a percentage of kills by friends in the entire game.
 D = Other kills in this place as a percentage of other kills in the entire game.
 E = Experience gained in this place as a percentage of experience gained in the entire game.
 F = Experience gained in this place divided by the number of levels of this place that you have seen.
                   A       B       C       D       E      F
               +-------+-------+-------+-------+-------+----------------------
         Total | 100.0 | 100.0 | 100.0 |   N/A | 100.0 | 381.8
       Dungeon |  84.7 |  84.6 | 100.0 |   N/A |  74.3 | 364.9
        Bailey |  15.3 |  15.4 |   0.0 |   N/A |  25.7 | 882.0
               +-------+-------+-------+-------+-------+----------------------

Table legend: (Time is in decaauts)
 A = Elapsed time spent in this place.
 B = Non-inter-level travel time spent in this place.
 C = Inter-level travel time spent in this place.
 D = Time resting spent in this place.
 E = Time spent auto-exploring this place.
 F = Levels seen in this place.
 G = Mean time per level.
                   A        B        C        D        E       F      G
               +--------+--------+--------+--------+--------+-----+--------+
         Total |   6370 |   6172 |    198 |    411 |   4858 |   9 |  707.8 |
       Dungeon |   5748 |   5565 |    183 |    331 |   4515 |   7 |  821.1 |
        Temple |     44 |     29 |     15 |      0 |     14 |   1 |   44.0 |
        Bailey |    577 |    577 |      0 |     80 |    328 |   1 |  577.0 |
               +--------+--------+--------+--------+--------+-----+--------+

Top non-repeatable levels by time:
     D:4: 1055 daAuts
     D:6: 996 daAuts
     D:5: 982 daAuts
     D:2: 917 daAuts
     D:1: 854 daAuts
     D:3: 726 daAuts
  Bailey: 577 daAuts
     D:7: 216 daAuts
  Temple: 44 daAuts
